 Dungeon Crawl Stone Soup version 0.29.0-4-gdea44cf6ec (webtiles) character file.

Game seed: 1741482478208668838

5740 qw the Cleaver (level 10, -7/64 HPs)
             Began as a Gargoyle Fighter on Sept 9, 2022.
             Was an Elder of Okawaru.
             Mangled by an eight-headed hydra (12 damage)
             ... on level 12 of the Dungeon.
             The game lasted 00:03:00 (8761 turns).

qw the Cleaver (Gargoyle Fighter)                   Turns: 8761, Time: 00:03:00

Health: -7/64      AC: 24    Str: 29    XL:     10   Next: 77%
Magic:  12/13      EV: 11    Int:  8    God:    Okawaru [****..]
Gold:   303        SH:  6    Dex: 13    Spells: 9/9 levels left

rFire   . . .      SeeInvis .   b - +0 flail
rCold   . . .      Faith    .   c - +0 buckler
rNeg    + . .      Spirit   .   s - +0 chain mail
rPois   inf        Reflect  .   (helmet restricted)
rElec   +          Harm     .   p - +0 cloak
rCorr   .          Rampage  .   (no gloves)
Will    .....                   (no boots)
Stlth   ..........              o - amulet of the acrobat
HPRegen 0.20/turn               a - +4 ring of protection
MPRegen 0.13/turn               u - +6 ring of strength

@: about to teleport, heroic
A: sickness immunity, AC +7, negative energy resistance 1, electricity
resistance, torment resistance 1, petrification resistance, claws 1, horns 1,
agile 1, sense surroundings 1
a: Renounce Religion, Heroism, Finesse


You were on level 12 of the Dungeon.
You worshipped Okawaru.
Okawaru was greatly pleased with you.
You visited 2 branches of the dungeon, and saw 11 of its levels.

You collected 531 gold pieces.
You spent 228 gold pieces at shops.


Innate Abilities, Weirdness & Mutations

You are immune to sickness and miasma.
Your stone body is resilient. (AC +7)
You are immune to poison.
You resist negative energy. (rN+)
You are resistant to electric shocks. (rElec)
You are resistant to unholy torment.
You are immune to petrification.
You have sharp fingernails.
You have a pair of small horns on your head.
You are agile. (Dex +4, Str/Int -1)
You passively map a small area around you.


   Skills:
 + Level 8.2(13.2) Fighting
 - Level 11.0(16.0) Axes
 - Level 2.0(7.0) Throwing
 - Level 5.0(10.0) Armour
 - Level 2.3(7.3) Dodging
 - Level 5.0(10.0) Shields
 + Level 5.2 Invocations


You had 9 spell levels left.
You didn't know any spells.
Your spell library was empty.

Inventory:

Hand Weapons
 b - a +0 flail (weapon)
 Y - a +3 war axe of freezing
Missiles
 l - 4 boomerangs (quivered)
Armour
 c - a +0 buckler (worn)
 e - a +0 plate armour
 p - a +0 cloak (worn)
 s - a +0 chain mail (worn)
Jewellery
 a - a +4 ring of protection (left claw)
 o - an amulet of the acrobat (around neck)
 u - a +6 ring of strength (right claw)
Scrolls
 n - a scroll of teleportation
 q - 2 scrolls of identify
 t - a scroll of blinking
Potions
 d - 3 potions of might
 g - 2 potions of mutation
 h - 4 potions of lignification
 i - 7 potions of curing
 j - 8 potions of heal wounds
 k - 3 potions of attraction
 m - 3 potions of haste
 r - a potion of resistance
 w - 2 potions of cancellation

Dungeon Overview and Level Annotations

Branches:
Dungeon (9/15)             Temple (1/1) D:4            Lair (0/5) D:9
    Orc: D:9-12

Altars:
Ashenzari
Cheibriados
Dithmenos
Elyvilon
Fedhas
Gozag
Hepliaklqana
Kikubaaqudgha
Makhleb
Nemelex Xobeh
Okawaru
Qazlal
Ru
Sif Muna
Trog
Uskayaw
Vehumet
Wu Jian
Xom
Yredelemnul
Zin
The Shining One

Shops:
D:2 [   D:8 !

Annotations:
D:12 1 transporter


Message History

You block the eight-headed hydra's attack.
The eight-headed hydra bites you.
The eight-headed hydra bites you but does no damage.
You block the eight-headed hydra's attack.
The eight-headed hydra bites you but does no damage.
The eight-headed hydra bites you.
The eight-headed hydra bites you but does no damage.
You hit the eight-headed hydra.
The eight-headed hydra is severely wounded.
The eight-headed hydra bites you!
The eight-headed hydra barely misses you.
The eight-headed hydra bites you but does no damage. x2
The eight-headed hydra closely misses you.
The eight-headed hydra bites you but does no damage.
You block the eight-headed hydra's attack.
The eight-headed hydra barely misses you.
You barely miss the eight-headed hydra.
The eight-headed hydra is severely wounded.
You block the eight-headed hydra's attack.
The eight-headed hydra bites you. x2
You block the eight-headed hydra's attack.
The eight-headed hydra bites you but does no damage. x2
The eight-headed hydra bites you!
The eight-headed hydra bites you but does no damage.
You sock the eight-headed hydra! You headbutt the eight-headed hydra!
The eight-headed hydra is almost dead.
You hit the eight-headed hydra.
The eight-headed hydra is almost dead.
The eight-headed hydra bites you!
You block the eight-headed hydra's attack.
The eight-headed hydra bites you! The eight-headed hydra bites you.
You block the eight-headed hydra's attack. x2
The eight-headed hydra bites you but does no damage.
The eight-headed hydra barely misses you.
8761 ||| READING 2 scrolls of teleportation.
As you read the scroll of teleportation, it crumbles to dust.
You feel strangely unstable.
The eight-headed hydra barely misses you.
The eight-headed hydra bites you!
You die...

8,#.. , , ,
#.# *, , #.#
, , , ,#.#*
##+ #.# *
*.#... #># *
......###.#
,
......D@..#*
.....)###.#*
# .#...
#.##.# ##+*
#....# * *
#.#### ,**
#.# **, #.#
* * * #.# *,
, * #.#


You could see an eight-headed hydra.

Vanquished Creatures
  A deep elf pyromancer (D:12)
  Maggie (D:8)
  A troll (D:9)
  A slime creature (D:12)
  4 wyverns
  A steam dragon (D:6)
  2 acid dragons (D:9)
  Menkaure (D:7)
  A water moccasin (D:9)
  3 orc warriors
  2 ice beasts
  3 sky beasts
  3 ogres
  A wolf (D:9)
  A centaur (D:7)
  A gnoll sergeant (D:9)
  4 bullfrogs
  2 scorpions
  13 wights
  5 electric eels (D:9)
  2 centaur zombies (D:9)
  6 hounds
  3 jellies
  3 orc priests (D:7)
  2 gnoll boudas
  Terence (D:2)
  Natasha (thrice) (D:3)
  3 iguanas
  5 orc wizards
  Robin (D:3)
  4 adders
  12 gnolls
  A shadow imp (D:7)
  An ufetubus (D:7)
  A worm (D:2)
  17 orcs
  4 ball pythons
  5 bats
  6 endoplasms
  3 giant cockroaches
  19 goblins
  11 hobgoblins
  4 jackals (D:2)
  9 kobolds
  A quokka (D:1)
  A frilled lizard (D:2)
  3 rats
182 creatures vanquished.

Vanquished Creatures (others)
  A gnoll (D:9)
1 creature vanquished.

Grand Total: 183 creatures vanquished

Notes
Turn   | Place    | Note
-------+----------+-------------------------------------------
     0 | D:1      | qw the Gargoyle Fighter began the quest for the Orb.
     0 | D:1      | Reached XP level 1. HP: 14/14 MP: 1/1
     0 | D:1      | 0 ||| qw: Version: 0.1-a-113-g051387a
     0 | D:1      | 0 ||| qw: Game counter: 7008
     0 | D:1      | 0 ||| qw: Always use a shield: true
     0 | D:1      | 0 ||| qw: God list: Okawaru
     0 | D:1      | 0 ||| qw: Allow faded altars: false
     0 | D:1      | 0 ||| qw: Do Orc after D:15 true
     0 | D:1      | 0 ||| qw: Do second Lair branch before Depths: true
     0 | D:1      | 0 ||| qw: Lair rune preference: random
     0 | D:1      | 0 ||| qw: Plans: Normal, Zot, God:TSO, Crypt, Tomb, Zig,
                  | Orb
     0 | D:1      | 0 ||| PLANNING D:1-11
    26 | D:1      | Reached skill level 2 in Axes
    26 | D:1      | 26 ||| Stepping ~*~*~tactically~*~*~ (stealth).
   106 | D:1      | 106 ||| Stepping ~*~*~tactically~*~*~ (stealth).
   114 | D:1      | 114 ||| Stepping ~*~*~tactically~*~*~ (stealth).
   115 | D:1      | 115 ||| Stepping ~*~*~tactically~*~*~ (stealth).
   143 | D:1      | Reached XP level 2. HP: 18/19 MP: 2/2
   469 | D:1      | Found a faded altar of an unknown god.
   498 | D:1      | 498 ||| DROPPING +0 club.
   576 | D:1      | Reached skill level 3 in Axes
   583 | D:1      | Reached XP level 3. HP: 23/23 MP: 3/3
   599 | D:1      | 599 ||| Stepping ~*~*~tactically~*~*~ (stealth).
   736 | D:1      | 736 ||| READING scroll labelled DEGAET WIEGEG.
   790 | D:1      | 790 ||| READING scroll labelled ZARANAECKO.
   791 | D:1      | 791 ||| READING scroll labelled OROWEQ QOAT.
   792 | D:1      | 792 ||| READING scroll labelled FIMUOP XUTERU.
   793 | D:1      | 793 ||| READING scroll labelled ASHRAGG LYAH.
   794 | D:1      | 794 ||| READING scroll labelled INUYMEDEICH.
   795 | D:1      | 795 ||| READING scroll labelled WEDGHU YGEAJID.
   799 | D:1      | 799 ||| DRINKING 3 bubbling ruby potions.
   799 | D:1      | Gained mutation: Your muscles are strong. (Str +4, Int/Dex
                  | -1) [potion of mutation]
   799 | D:1      | Gained mutation: Armour fits poorly on your strangely
                  | shaped body. [potion of mutation]
   799 | D:1      | Gained mutation: A frigid envelope surrounds you and
                  | freezes all who hurt you. [potion of mutation]
   800 | D:1      | 800 ||| DRINKING 2 potions of mutation.
   800 | D:1      | Lost mutation: Your muscles are strong. (Str +4, Int/Dex
                  | -1) [potion of mutation]
   800 | D:1      | Lost mutation: Armour fits poorly on your strangely shaped
                  | body. [potion of mutation]
   800 | D:1      | Lost mutation: A frigid envelope surrounds you and freezes
                  | all who hurt you. [potion of mutation]
   800 | D:1      | Gained mutation: You passively map a small area around you.
                  | [potion of mutation]
   800 | D:1      | Gained mutation: You are agile. (Dex +4, Str/Int -1)
                  | [potion of mutation]
   800 | D:1      | Gained mutation: You have hidden genetic potential. [potion
                  | of mutation]
   801 | D:1      | 801 ||| DRINKING 3 golden potions.
   868 | D:2      | Found Rirch's Armour Shoppe.
   881 | D:2      | 881 ||| SHOPLISTING +0 cloak of poison resistance (93 gold,
                  | have 26).
   881 | D:2      | 881 ||| SHOPLISTING +0 pair of gloves (49 gold, have 26).
   881 | D:2      | 881 ||| SHOPLISTING +0 plate armour (253 gold, have 26).
   881 | D:2      | 881 ||| SHOPLISTING +2 scale mail of fire resistance (231
                  | gold, have 26).
   978 | D:2      | 978 ||| Stepping ~*~*~tactically~*~*~ (stealth).
   985 | D:2      | 985 ||| Stepping ~*~*~tactically~*~*~ (stealth).
  1085 | D:2      | Noticed Terence
  1096 | D:2      | Killed Terence
  1097 | D:2      | Reached XP level 4. HP: 21/28 MP: 4/4
  1097 | D:2      | 1097 ||| FLEEEEING.
  1099 | D:2      | 1099 ||| FLEEEEING.
  1100 | D:2      | 1100 ||| FLEEEEING.
  1103 | D:2      | 1103 ||| FLEEEEING.
  1106 | D:2      | 1106 ||| STAIRDANCE
  1107 | D:1      | Gained mutation: You have sharp fingernails. [hidden
                  | potential]
  1171 | D:1      | 1171 ||| UPGRADING to amulet of the acrobat.
  1176 | D:1      | 1176 ||| UPGRADING to +4 ring of protection.
  1177 | D:1      | 1177 ||| READING 2 scrolls labelled ULESHR VAME.
  1178 | D:1      | 1178 ||| READING 2 scrolls labelled RAR CULEQO.
  1179 | D:1      | 1179 ||| DRINKING 2 metallic red potions.
  1180 | D:1      | 1180 ||| DROPPING scroll of noise.
  1380 | D:2      | Reached skill level 1 in Throwing
  1404 | D:3      | Noticed Robin
  1406 | D:3      | Noticed Natasha
  1414 | D:3      | Killed Robin
  1415 | D:3      | Reached skill level 4 in Axes
  1415 | D:3      | Killed Natasha
  1416 | D:3      | Reached skill level 1 in Dodging
  1416 | D:3      | Reached XP level 5. HP: 14/32 MP: 5/5
  1582 | D:3      | 1582 ||| FLEEEEING.
  1583 | D:3      | 1583 ||| FLEEEEING.
  1584 | D:3      | 1584 ||| STAIRDANCE
  1638 | D:3      | Noticed Natasha
  1645 | D:3      | Killed Natasha
  1647 | D:3      | Gained mutation: You have a pair of small horns on your
                  | head. [hidden potential]
  1647 | D:3      | Lost mutation: You have hidden genetic potential. [hidden
                  | potential expressed]
  1670 | D:3      | Noticed Natasha
  1671 | D:3      | 1671 ||| Stepping ~*~*~tactically~*~*~ (hiding).
  1677 | D:3      | Killed Natasha
  1678 | D:3      | 1678 ||| Stepping ~*~*~tactically~*~*~ (stealth).
  1707 | D:3      | 1707 ||| Stepping ~*~*~tactically~*~*~ (stealth).
  1895 | D:3      | 1895 ||| Stepping ~*~*~tactically~*~*~ (hiding).
  2134 | D:3      | 2134 ||| DROPPING +0 helmet.
  2135 | D:3      | 2135 ||| READING scroll labelled YMAMIZ QENKELL.
  2236 | D:3      | 2236 ||| READING scroll labelled QAILORYASA.
  2237 | D:3      | 2237 ||| DRINKING 3 purple potions.
  2238 | D:3      | 2238 ||| DRINKING 2 metallic dark potions.
  2239 | D:3      | 2239 ||| DROPPING potion of magic.
  2316 | D:4      | Reached skill level 5 in Axes
  2436 | D:4      | Found a snail-covered altar of Cheibriados.
  2443 | D:4      | Noticed a sky beast
  2460 | D:4      | Killed a sky beast
  2461 | D:4      | Reached XP level 6. HP: 32/39 MP: 6/6
  2715 | D:4      | Found a staircase to the Ecumenical Temple.
  2716 | D:4      | 2716 ||| PLANNING TEMPLE
  2716 | D:4      | 2716 ||| UPGRADING to +0 chain mail.
  2726 | D:4      | 2726 ||| DROPPING +0 scale mail.
  2727 | D:4      | 2727 ||| READING scroll labelled OFIEGESULL.
  2728 | D:4      | 2728 ||| DRINKING 2 smoky cyan potions.
  2729 | D:4      | 2729 ||| DROPPING potion of brilliance.
  2738 | Temple   | Entered the Ecumenical Temple
  2810 | Temple   | Became a worshipper of Warmaster Okawaru
  2811 | Temple   | 2811 ||| PLANNING D:1-11
  3036 | D:5      | Entered Level 5 of the Dungeon
  3036 | D:5      | Noticed an ice beast
  3045 | D:5      | Reached XP level 7. HP: 30/44 MP: 7/7
  3052 | D:5      | Reached skill level 6 in Axes
  3068 | D:5      | 3068 ||| FLEEEEING.
  3069 | D:5      | 3069 ||| STAIRDANCE
  3150 | D:5      | 3150 ||| DROPPING +0 whip.
  3164 | D:5      | Noticed a wyvern
  3171 | D:5      | Killed a wyvern
  3171 | D:5      | Reached * piety under Okawaru
  3172 | D:5      | Reached skill level 7 in Axes
  3451 | D:5      | 3451 ||| Stepping ~*~*~tactically~*~*~ (stealth).
  3453 | D:5      | 3453 ||| Stepping ~*~*~tactically~*~*~ (hiding).
  3459 | D:5      | 3459 ||| Stepping ~*~*~tactically~*~*~ (hiding).
  3462 | D:5      | 3462 ||| INVOKING Heroism.
  3471 | D:5      | 3471 ||| Stepping ~*~*~tactically~*~*~ (stealth).
  3473 | D:5      | 3473 ||| Stepping ~*~*~tactically~*~*~ (stealth).
  3474 | D:5      | 3474 ||| Stepping ~*~*~tactically~*~*~ (stealth).
  3475 | D:5      | 3475 ||| Stepping ~*~*~tactically~*~*~ (stealth).
  3491 | D:5      | Reached skill level 1 in Invocations
  3493 | D:5      | 3493 ||| Stepping ~*~*~tactically~*~*~ (stealth).
  3494 | D:5      | 3494 ||| Stepping ~*~*~tactically~*~*~ (stealth).
  3497 | D:5      | 3497 ||| INVOKING Heroism.
  3501 | D:5      | Reached XP level 8. HP: 48/48 MP: 5/9
  3548 | D:5      | 3548 ||| Stepping ~*~*~tactically~*~*~ (stealth).
  3559 | D:5      | Found a blossoming altar of Fedhas.
  3561 | D:5      | Found a broken altar of Ashenzari.
  3561 | D:5      | Found a shadowy altar of Dithmenos.
  3562 | D:5      | Found a hazy altar of Hepliaklqana.
  3612 | D:5      | 3612 ||| INVOKING Heroism.
  3727 | D:5      | 3727 ||| Stepping ~*~*~tactically~*~*~ (stealth).
  3729 | D:5      | 3729 ||| Stepping ~*~*~tactically~*~*~ (hiding).
  3732 | D:5      | 3732 ||| Stepping ~*~*~tactically~*~*~ (hiding).
  3733 | D:5      | 3733 ||| Stepping ~*~*~tactically~*~*~ (hiding).
  3736 | D:5      | 3736 ||| DRINKING 4 potions of curing.
  3736 | D:5      | 3736 ||| (to cure confusion)
  3776 | D:5      | 3776 ||| Stepping ~*~*~tactically~*~*~ (stealth).
  3778 | D:5      | 3778 ||| Stepping ~*~*~tactically~*~*~ (stealth).
  3780 | D:5      | 3780 ||| INVOKING Heroism.
  3991 | D:5      | Found an ornate altar of the Wu Jian Council.
  4012 | D:5      | Found a bloodstained altar of Trog.
  4012 | D:5      | Found a stormy altar of Qazlal.
  4648 | D:5      | 4648 ||| UPGRADING to +0 cloak.
  4653 | D:5      | 4653 ||| READING scroll labelled JUX NOOGAJOISHE.
  4654 | D:5      | 4654 ||| DRINKING 2 red potions.
  4755 | D:6      | Found a white marble altar of Elyvilon.
  4761 | D:6      | 4761 ||| INVOKING Heroism.
  4765 | D:6      | Reached skill level 3 in Invocations
  4842 | D:6      | 4842 ||| Stepping ~*~*~tactically~*~*~ (stealth).
  4843 | D:6      | 4843 ||| INVOKING Heroism.
  4862 | D:6      | 4862 ||| Stepping ~*~*~tactically~*~*~ (hiding).
  4866 | D:6      | 4866 ||| INVOKING Heroism.
  4964 | D:6      | Reached skill level 8 in Axes
  5237 | D:6      | Found a glowing silver altar of Zin.
  5237 | D:6      | Noticed an angel
  5354 | D:6      | 5354 ||| INVOKING Heroism.
  5356 | D:6      | 5356 ||| Stepping randomly (cloudy).
  5362 | D:6      | Reached skill level 6 in Fighting
  5362 | D:6      | Reached XP level 9. HP: 41/55 MP: 9/12
  5362 | D:6      | 5362 ||| Stepping ~*~*~tactically~*~*~ (cloud).
  5520 | D:7      | 5520 ||| Stepping ~*~*~tactically~*~*~ (hiding).
  5521 | D:7      | 5521 ||| INVOKING Heroism.
  5530 | D:7      | Reached ** piety under Okawaru
  5587 | D:7      | 5587 ||| Stepping ~*~*~tactically~*~*~ (stealth).
  5614 | D:7      | Found a sparkling altar of Nemelex Xobeh.
  5616 | D:7      | Found an ancient bone altar of Kikubaaqudgha.
  5708 | D:7      | Reached skill level 9 in Axes
  5811 | D:7      | 5811 ||| Stepping ~*~*~tactically~*~*~ (hiding).
  5837 | D:7      | 5837 ||| Stepping ~*~*~tactically~*~*~ (stealth).
  5881 | D:7      | 5881 ||| INVOKING Heroism.
  5961 | D:7      | Noticed Menkaure
  5962 | D:7      | 5962 ||| INVOKING Heroism.
  5973 | D:7      | Killed Menkaure
  5973 | D:7      | Reached *** piety under Okawaru
  6321 | D:7      | 6321 ||| Stepping ~*~*~tactically~*~*~ (hiding).
  6325 | D:7      | 6325 ||| INVOKING Heroism.
  6400 | D:7      | 6400 ||| Stepping ~*~*~tactically~*~*~ (hiding).
  6403 | D:7      | 6403 ||| INVOKING Heroism.
  6486 | D:7      | 6486 ||| UPGRADING to +6 ring of strength.
  6522 | D:8      | 6522 ||| INVOKING Heroism.
  6541 | D:8      | Found a hide-covered altar of Uskayaw.
  6602 | D:8      | Found Mataxulu's Distillery.
  6618 | D:8      | 6618 ||| BUYING potion of cancellation (96 gold).
  6618 | D:8      | Bought a potion of cancellation for 96 gold pieces
  6618 | D:8      | 6618 ||| BUYING potion of curing (36 gold).
  6618 | D:8      | Bought a potion of curing for 36 gold pieces
  6618 | D:8      | 6618 ||| BUYING potion of curing (36 gold).
  6618 | D:8      | Bought a potion of curing for 36 gold pieces
  6618 | D:8      | 6618 ||| BUYING potion of heal wounds (60 gold).
  6618 | D:8      | Bought a potion of heal wounds for 60 gold pieces
  6741 | D:8      | Noticed Maggie
  6751 | D:8      | 6751 ||| INVOKING Heroism.
  6753 | D:8      | Killed Maggie
  6754 | D:8      | Reached skill level 10 in Axes
  6754 | D:8      | Reached XP level 10. HP: 27/63 MP: 10/13
  6934 | D:8      | Found an opulent altar of Gozag.
  7135 | D:8      | 7135 ||| READING scroll of enchant weapon.
  7135 | D:8      | 7135 ||| ENCHANTING +1 war axe of freezing.
  7425 | D:8      | 7425 ||| DRINKING 2 ruby potions.
  7426 | D:8      | 7426 ||| DRINKING 2 lumpy inky potions.
  7427 | D:8      | 7427 ||| READING 2 scrolls of identify.
  7427 | D:8      | 7427 ||| IDENTIFYING brown potion
  7428 | D:8      | 7428 ||| DROPPING potion of flight.
  7429 | D:8      | 7429 ||| DROPPING potion of degeneration.
  7477 | D:9      | 7477 ||| INVOKING Heroism.
  7478 | D:9      | 7478 ||| STAIRDANCE
  7500 | D:9      | 7500 ||| STAIRDANCE
  7561 | D:9      | 7561 ||| INVOKING Heroism.
  7567 | D:9      | Found a staircase to the Lair.
  7568 | D:9      | 7568 ||| Stepping ~*~*~tactically~*~*~ (water).
  7587 | D:9      | 7587 ||| INVOKING Heroism.
  7589 | D:9      | Reached **** piety under Okawaru
  7622 | D:9      | 7622 ||| Stepping ~*~*~tactically~*~*~ (stealth).
  7623 | D:9      | 7623 ||| FLEEEEING.
  7624 | D:9      | 7624 ||| FLEEEEING.
  7625 | D:9      | 7625 ||| FLEEEEING.
  7627 | D:9      | 7627 ||| STAIRDANCE
  7843 | D:9      | 7843 ||| READING scroll of enchant weapon.
  7843 | D:9      | 7843 ||| ENCHANTING +2 war axe of freezing.
  7865 | D:9      | 7865 ||| INVOKING Heroism.
  7904 | D:9      | 7904 ||| Stepping ~*~*~tactically~*~*~ (hiding).
  7915 | D:9      | 7915 ||| INVOKING Heroism.
  8196 | D:9      | Found a basalt altar of Yredelemnul.
  8228 | D:9      | 8228 ||| INVOKING Heroism.
  8382 | D:9      | You fall into a shaft and drop 3 floors!
  8394 | D:12     | Noticed a death knight
  8396 | D:12     | Found a transporter.
  8441 | D:12     | Noticed a deep elf pyromancer
  8446 | D:12     | 8446 ||| INVOKING Heroism.
  8449 | D:12     | Killed a deep elf pyromancer
  8676 | D:12     | Reached skill level 11 in Axes
  8748 | D:12     | Noticed an eight-headed hydra
  8749 | D:12     | 8749 ||| INVOKING Heroism.
  8752 | D:12     | 8752 ||| SWAPPING to +0 flail.
  8760 | D:12     | HP: 15/64 [eight-headed hydra (11)]
  8760 | D:12     | HP: 6/64 [eight-headed hydra (9)]
  8761 | D:12     | 8761 ||| READING 2 scrolls of teleportation.
  8761 | D:12     | Mangled by an eight-headed hydra

Levels and vault maps discovered:
D:1:      minmay_arrival_cross, layout_rooms,
          dreamdust_ecumenical_altar_hidden_monk_grotto, st_stairs_14,
          grunt_decor_fettered
D:2:      layout_basic, serial_shops, shop, uniq_terence
D:3:      layout_rooms, uniq_natasha, uniq_robin
D:4:      layout_basic, mainiacjoe_overflow_six_doors_small,
          minmay_temple_entry_poolview, fountainhead, serial_bayou_pond_e
D:5:      layout_layer_cave, mainiacjoe_overflow_tiny_flanked,
          grunt_temple_overflow_open
D:6:      layout_loops_ring, zin_angel, lemuel_tele_altar
D:7:      layout_basic, mainiacjoe_overflow_divided_tiny, minmay_misc_feat_five,
          uniq_menkaure
D:8:      layout_loops_ring, lemuel_coloured_pillars_altar,
          mainiacjoe_overflow_concentric_impassable, serial_shops,
          nicolae_lakefront_shop, uniq_maggie
D:9:      statuecave_lemuel, layout_rooms, lemuel_zombie_altar_yredelemnul,
          erik_lair_island, enter_bailey_5, special_room [special_room_bee]
D:12:     wad_arrow_thing, layout_basic, david_orc_1_choice,
          gammafunk_ghost_mausoleum, minmay_puff
Temple:   nicolae_temple_great_sept

Skill      XL: |  1  2  3  4  5  6  7  8  9 10 |
---------------+-------------------------------+-----
Axes           | 2 3 4 5 7 8 10 11 | 11.0
Throwing       | 1 2 |  2.0
Dodging        | 1 2 |  2.3
Fighting       | 4 6 7 8 |  8.2
Invocations    | 1 4 5 |  5.2
Armour         | 4 5 |  5.0
Shields        | 4 5 |  5.0

Action                   |  1- 3 |  4- 6 |  7- 9 | 10-12 || total
-------------------------+-------+-------+-------+-------++-------
Melee: War axe           |    71 |    73 |   172 |   109 ||   425
       Headbutt          |       |     2 |    38 |    20 ||    60
       Flail             |       |       |       |     7 ||     7
Throw: Boomerang         |    12 |    19 |     5 |     6 ||    42
       Javelin           |    16 |    13 |    28 |       ||    57
Invok: Heroism           |       |       |    15 |     8 ||    23
  Use: Scroll            |     7 |     5 |     1 |     4 ||    17
       Potion            |     3 |     4 |     2 |     2 ||    11
Armor: Scale mail        |    44 |    64 |       |       ||   108
       Chain mail        |       |     6 |    62 |    73 ||   141
Dodge: Dodged            |    28 |    51 |    69 |    64 ||   212
Block: Buckler           |    13 |    24 |    25 |    35 ||    97

Table legend:
 A = Non-vault XP
 B = Vault XP
 C = Vault XP percentage of total XP
 D = Non-vault monster count
 E = Vault monster count
 F = Vault count percentage of total count
                 A         B        C        D         E       F
            +---------+---------+-------+---------+---------+-------
      Total |    6609 |    1591 |  19.4 |     153 |      30 |  16.4
            +---------+---------+-------+---------+---------+-------
        D:1 |      35 |       2 |   5.4 |      20 |       1 |   4.8
        D:2 |      27 |      36 |  57.1 |      14 |       1 |   6.7
        D:3 |     109 |      73 |  40.1 |      17 |      14 |  45.2
        D:4 |     317 |       0 |   0.0 |       9 |       0 |   0.0
        D:5 |     862 |       0 |   0.0 |      26 |       0 |   0.0
        D:6 |     901 |       0 |   0.0 |      10 |       0 |   0.0
        D:7 |    1396 |     157 |  10.1 |      25 |       1 |   3.8
        D:8 |     632 |     395 |  38.5 |       7 |       1 |  12.5
        D:9 |    1745 |     647 |  27.0 |      24 |      11 |  31.4
       D:12 |     585 |     281 |  32.4 |       1 |       1 |  50.0
            +---------+---------+-------+---------+---------+-------
